Map: Ephemeron LE

Players

TurkeyDano

  • Race: Protoss Protoss
  • League: Master
  • Spawn Location: 5:00

MaSa - Winner!

  • Race: Terran Terran
  • Spawn Location: 11:00

Event: Cheeseadelphia XI, Cheeseadelphia XI

VOD

Have the link to the VOD?

Description

Time

  • Played on: Dec. 14, 2019, 2:14 p.m.
  • Length: 13:08

All games in this series

Show
View Real Time Build Order
Export as new Build Order

TurkeyDano Protoss 

Build Orders: 1 Gate Expand 

Get SALT Encoding   

  12  0:00  Probe  
  13  0:13  Probe  
  14  0:16  Pylon  
  14  0:25  Probe (Chrono Boost)  
  16  0:37  Probe (Chrono Boost)  
  16  0:38  Gateway  
  16  0:43  Probe (Chrono Boost)  
  17  0:51  Probe  
  17  0:53  Assimilator  
  18  1:02  Pylon  
  18  1:03  Probe  
  19  1:15  Probe  
  20  1:30  Nexus  
  20  1:36  Cybernetics Core  
  20  1:39  Probe  
  21  1:47  Assimilator  
  21  1:52  Probe  
  22  2:01  Pylon  
  22  2:04  Probe  
  23  2:15  Warp Gate  
  23  2:16  Stalker (Chrono Boost)  
  23  2:19  Probe  
  24  2:43  Probe x2 (Chrono Boost)  
  25  2:49  Stalker (Chrono Boost)  
  25  2:53  Probe (Chrono Boost)  
  25  2:55  Probe (Chrono Boost)  
  29  3:04  Probe  
  30  3:14  Probe (Chrono Boost)  
  30  3:16  Probe (Chrono Boost)  
  32  3:25  Twilight Council  
  34  3:28  Probe (Chrono Boost)  
  34  3:31  Probe (Chrono Boost)  
  34  3:33  Probe (Chrono Boost)  
  34  3:34  Pylon  
  34  3:37  Probe  
  36  3:42  Probe  
  37  3:49  Probe (Chrono Boost)  
  37  3:50  Gateway  
  37  3:51  Gateway  
  39  4:00  Probe (Chrono Boost)  
  39  4:01  Probe (Chrono Boost)  
  39  4:08  Blink (Chrono Boost), Probe (Chrono Boost)  
  39  4:09  Probe (Chrono Boost)  
  40  4:14  Stalker  
  43  4:18  Probe  
  43  4:20  Probe  
  43  4:22  Shield Battery  
  45  4:30  Probe  
  46  4:32  Probe  
  46  4:33  Robotics Facility  
  47  4:43  Probe  
  47  4:44  Probe  
  49  4:47  Stalker x2  
  53  4:54  Pylon  
  53  4:55  Probe  
  54  5:11  Probe  
  54  5:12  Probe  
  52  5:18  Stalker  
  52  5:19  Stalker  
  55  5:22  Observer (Chrono Boost)  
  55  5:23  Probe  
  55  5:24  Probe  
  55  5:26  Nexus  
  58  5:35  Probe, Assimilator  
  59  5:36  Probe  
  59  5:37  Stalker  
  62  5:46  Pylon  
  62  6:04  Probe  
  62  6:05  Probe, Observer  
  62  6:10  Charge (Chrono Boost)  
  65  6:12  Sentry x2  
  65  6:16  Gateway  
  65  6:17  Probe  
  70  6:20  Gateway  
  70  6:22  Probe, Gateway, Shield Battery  
  70  6:24  Stalker, Shield Battery  
  67  6:29  Probe, Immortal  
  70  6:37  Probe  
  71  6:41  Probe  
  71  6:43  Stalker x2  
  73  7:07  Pylon x2  
  69  7:10  Pylon  
  69  7:11  Pylon  
  69  7:13  Pylon  
  61  7:18  Zealot  
  61  7:19  Stalker  
  61  7:20  Stalker  
  61  7:25  Probe x2  
  61  7:28  Zealot x3  
  65  7:34  Shield Battery  
  66  7:37  Probe x2  
  66  7:41  Stalker  
  66  7:42  Stalker  
  66  7:43  Stalker  
  61  7:54  Zealot x3  
Show
View Real Time Build Order
Export as new Build Order

MaSa Terran - Winner!

Build Orders: Reaper Expand 

Get SALT Encoding   

  12  0:00  SCV  
  13  0:13  SCV  
  14  0:17  Supply Depot  
  14  0:25  SCV  
  15  0:39  Barracks, SCV  
  16  0:44  Refinery  
  16  0:51  SCV  
  16  0:56  Supply Depot  
  17  1:03  SCV  
  18  1:15  SCV  
  19  1:26  Reaper  
  19  1:27  Orbital Command  
  20  1:53  Command Center  
  20  1:55  SCV  
  20  1:58  Marine  
  22  2:07  SCV  
  23  2:09  Factory  
  23  2:15  Refinery  
  23  2:19  SCV  
  23  2:21  Barracks Reactor  
  24  2:32  SCV  
  25  2:44  SCV  
  26  2:56  SCV, Widow Mine  
  29  3:02  Starport, Marine x2  
  31  3:08  SCV  
  31  3:09  Orbital Command  
  31  3:12  Bunker  
  34  3:20  SCV, Marine x2, Widow Mine  
  37  3:32  SCV  
  38  3:37  SCV, Marine  
  38  3:38  Marine  
  38  3:41  Medivac, Widow Mine  
  45  3:44  SCV  
  46  3:49  Supply Depot  
  46  4:00  Barracks x2  
  46  4:04  Factory Tech Lab  
  46  4:11  SCV x2, Marine  
  46  4:12  Starport Tech Lab  
  48  4:21  Marine  
  48  4:22  Supply Depot  
  48  4:23  Engineering Bay, SCV x2, Siege Tank  
  54  4:31  Supply Depot  
  54  4:38  Supply Depot  
  54  4:40  Starport Reactor  
  54  4:41  Refinery  
  54  4:43  Marine  
  54  4:44  SCV x2  
  57  4:52  Supply Depot  
  56  4:53  Supply Depot  
  56  4:56  SCV  
  57  5:01  SCV  
  58  5:07  Marine x2  
  58  5:08  Stimpack, SCV, Marauder x2, Factory Reactor  
  58  5:13  SCV  
  66  5:20  Terran Infantry Weapons Level 1, SCV  
  63  5:24  Medivac  
  63  5:25  SCV  
  63  5:28  Marine x2  
  66  5:30  Marauder x2  
  66  5:32  SCV  
  66  5:34  Refinery  
  73  5:37  SCV  
  73  5:38  Supply Depot  
  73  5:41  Supply Depot  
  74  5:46  Marine x2  
  76  5:50  SCV  
  76  5:51  Marauder  
  76  5:55  SCV  
  76  5:56  Medivac x2  
  84  5:58  Widow Mine  
  84  6:01  Widow Mine  
  84  6:04  Marine x2  
  88  6:08  Marauder  
  88  6:09  SCV  
  88  6:10  SCV  
  92  6:13  Marauder  
  94  6:21  SCV  
  94  6:22  SCV  
  96  6:29  Medivac x2, Marauder  
  101  6:33  SCV  
  101  6:38  Supply Depot  
  102  6:45  Command Center  
  102  6:49  Supply Depot  
  102  6:51  Supply Depot  
  102  6:55  Marine  
  102  6:57  SCV x2  
  102  7:00  Widow Mine  
  103  7:06  Marauder, Marine  
  102  7:09  SCV x2  
  102  7:11  Barracks x2  
  102  7:12  Marauder  
  102  7:13  Marine  
  98  7:21  SCV x2, Medivac  
  100  7:24  Marine, Concussive Shells  
  100  7:28  Marauder  
  101  7:32  Terran Infantry Armor Level 1  
  101  7:33  SCV x2  
  101  7:35  Marine  
  101  7:36  Marauder  
  106  7:43  Widow Mine x2  
  106  7:46  SCV x2  
  106  7:52  Marauder, Marine  
  106  7:53  Medivac, Marine  
  106  7:57  Marauder  
  113  7:58  SCV  
Tags
 
Add a new tag
Caveats
  • Supply blocks, unpowered buildings, or Contaminate may cause inaccurate times.
  • Supply counts are checked every 10 seconds.